 Dungeon Crawl Stone Soup version 0.30-a0-757-ga6a79fd877 (webtiles) character file.

Game seed: 14347668147094647299

88 hikkokomori the Digger (level 4, -5/24 HPs)
             Began as a Gargoyle Earth Elementalist on Feb 10, 2023.
             Slain by an ice beast (9 damage)
             ... on level 3 of the Dungeon.
             The game lasted 00:02:17 (1393 turns).

hikkokomori the Digger (GrEE)                       Turns: 1393, Time: 00:02:17

Health: -5/24      AC:  7    Str: 14    XL:     4   Next: 53%
Magic:  4/7        EV: 12    Int: 15    God:
Gold:   181        SH:  0    Dex: 10    Spells: 7/8 levels left

rFire   . . .      SeeInvis .    f - +0 hand axe
rCold   . . .      Faith    .    (no shield)
rNeg    + . .      Spirit   .    a - +0 robe
rPois   ∞          Reflect  .    t - +0 helmet
rElec   +          Harm     .    (no cloak)
rCorr   .          Rampage  .    (no gloves)
Will    .....                    e - +0 pair of boots
Stlth   ++                       (no amulet)
HPRegen 0.24/turn                (no ring)
MPRegen 0.10/turn                (no ring)

@: no status effects
A: sickness immunity, AC +3, negative energy resistance 1, electricity
resistance, torment resistance 1, petrification resistance
a: no special abilities


You were on level 3 of the Dungeon.
You visited 1 branch of the dungeon, and saw 3 of its levels.

You collected 181 gold pieces.

Inventory:

Hand Weapons
 f - a +0 hand axe (weapon)
Missiles
 j - a throwing net
Armour
 a - a +0 robe (worn)
 e - a +0 pair of boots (worn)
 s - a +0 helmet
 t - a +0 helmet (worn)
Jewellery
 r - an amulet of faith
Scrolls
 c - 2 scrolls of brand weapon {unknown}
 g - 2 scrolls of poison {unknown}
 h - 2 scrolls of teleportation {unknown}
 i - 2 scrolls of identify {unknown}
 k - a scroll of acquirement {unknown}
 o - a scroll of fear {unknown}
Potions
 b - a potion of magic
 d - 4 potions of curing {unknown}
 l - a potion of flight {unknown}
 m - 2 potions of haste {unknown}
 n - a potion of might {unknown}
 p - 2 potions of mutation {unknown}
 q - a potion of heal wounds {unknown}


   Skills:
 + Level 2.2 Dodging
 + Level 3.0 Stealth
 + Level 2.6 Spellcasting
 + Level 1.6 Transmutations
 + Level 4.2 Earth Magic


You had 7 spell levels left.
You knew the following spells:

 Your Spells              Type           Power      Damage    Failure   Level
a - Sandblast             Erth           28%        2d8       3%          1

Your spell library contained the following spells:

 Spells                   Type           Power      Damage    Failure   Level
 Passwall                 Tmut/Erth      8%         N/A       10%         2
 Stone Arrow              Conj/Erth      16%        3d8       26%         3
 Static Discharge         Conj/Air       2%         2-3/arc   32%         2
 Inner Flame              Hex/Fire       1%         N/A       54%         3
 Vhi's Electric Charge    Tloc/Air       2%         N/A       54%         3
 Petrify                  Tmut/Erth      10%        N/A       54%         4
 Cause Fear               Hex            0%         N/A       91%         4
 Arcjolt                  Conj/Air       0%         1d10      99%         5
 Lightning Bolt           Conj/Air       0%         1d11      99%         5
 Discord                  Hex            0%         N/A       100%        8


Dungeon Overview and Level Annotations

Branches:
Dungeon (3/15)

Altars:


Innate Abilities, Weirdness & Mutations

You are immune to sickness and miasma.
Your stone body is resilient. (AC +3)
You are immune to poison.
You resist negative energy. (rN+)
You are resistant to electric shocks. (rElec)
You are resistant to unholy torment.
You are immune to petrification.


Message History

The blast of sand hits the ice beast.
The ice beast is lightly wounded.
The ice beast hits you. The ice beast freezes you!
Ouch! That really hurt!
* * * LOW HITPOINT WARNING * * *
The ice beast hits you but does no damage.
Casting: Sandblast (safe; 3% risk of failure)
Confirm with . or Enter, or press ? or * to list all spells.
Aiming: Sandblast (safe; 3% risk of failure)
Press: ? - help, Shift-Dir - straight line, f/p - ice beast
Aim: an ice beast (lightly wounded, 82% to hit)
Okay, then.
Okay, then.
Okay, then.
You aren't carrying any items that you can evoke.
Press: ? - help, v - describe, . - travel, g - get item
Here: an ice beast (lightly wounded) Item here: an adder corpse.
The floor, spattered with blood.
Unknown command.
Casting: Sandblast (safe; 3% risk of failure)
Confirm with . or Enter, or press ? or * to list all spells.
Aiming: Sandblast (safe; 3% risk of failure)
Press: ? - help, Shift-Dir - straight line, f/p - ice beast
Aim: an ice beast (lightly wounded, 82% to hit)
The blast of sand hits the ice beast.
The ice beast is moderately wounded.
The ice beast hits you but does no damage.
Casting: Sandblast (safe; 3% risk of failure)
Confirm with . or Enter, or press ? or * to list all spells.
Aiming: Sandblast (safe; 3% risk of failure)
Press: ? - help, Shift-Dir - straight line, f/p - ice beast
Aim: an ice beast (moderately wounded, 82% to hit)
The blast of sand hits the ice beast!
The ice beast is heavily wounded.
The ice beast hits you but does no damage.
The ice beast hits you.
* * * LOW HITPOINT WARNING * * *
The ice beast freezes you!
You die...

#..................
#....†.............
#....).........)...
#..................
#......#..........#
##.##.####...##...#
#.#..# ###..#..##
#.#.## ......# #@#.
.......# #Y#.
.......# #.#.# ..
## ..... ##.. ...
...... ... .#####
....... ... ....#
........ #.# ...>
.........##.# ###..
.......#.# ##....


You could see an ice beast.

Vanquished Creatures
  4 adders
  3 dart slugs
  5 ball pythons
  5 endoplasms
  2 giant cockroaches (D:1)
  4 goblins
  3 hobgoblins
  3 quokkas (D:1)
  A bat (D:1)
  6 frilled lizards
  8 kobolds
  4 rats
48 creatures vanquished.

Notes
Turn   | Place    | Note
-------+----------+-------------------------------------------
     0 | D:1      | hikkokomori the Gargoyle Earth Elementalist began the quest
                  | for the Orb.
     0 | D:1      | Reached XP level 1. HP: 10/10 MP: 3/3
    79 | D:1      | Reached skill level 1 in Transmutations
    79 | D:1      | Reached XP level 2. HP: 6/15 MP: 5/5
   332 | D:1      | Reached XP level 3. HP: 16/19 MP: 6/6
   436 | D:1      | Reached skill level 4 in Earth Magic
   651 | D:2      | Reached XP level 4. HP: 20/24 MP: 7/7
  1375 | D:3      | Noticed an ice beast
  1393 | D:3      | Slain by an ice beast

Illustrated notes

Levels and vault maps discovered:
D:1:      eino_arrival_water_star, layout_basic
D:2:      layout_loops_ring
D:3:      layout_rooms, uniq_grinder

Skill      XL: |  1  2  3  4 |
---------------+-------------+-----
Transmutations | 1 |  1.6
Earth Magic    | 4 |  4.2
Dodging        | 2 |  2.2
Stealth        | 3 |  3.0
Spellcasting   | |  2.6

Action                     |  1- 3 |  4- 6 || total
---------------------------+-------+-------++-------
  Melee: Hand axe          |   114 |    43 ||   157
   Cast: Sandblast         |       |     3 ||     3
   Stab: Sleeping          |     4 |     3 ||     7
         Distracted        |     1 |       ||     1
 Armour: Robe              |    46 |    14 ||    60
  Dodge: Dodged            |    96 |    35 ||   131

Table legend: (Time is in decaauts)
 A = Elapsed time spent in this place.
 B = Non-inter-level travel time spent in this place.
 C = Inter-level travel time spent in this place.
 D = Time resting spent in this place.
 E = Time spent auto-exploring this place.
 F = Levels seen in this place.
 G = Mean time per level.
                   A        B        C        D        E       F      G
               +--------+--------+--------+--------+--------+-----+--------+
         Total |   1441 |   1390 |     51 |      0 |    956 |   3 |  480.3 |
       Dungeon |   1441 |   1390 |     51 |      0 |    956 |   3 |  480.3 |
               +--------+--------+--------+--------+--------+-----+--------+

Top non-repeatable levels by time:
     D:2: 709 daAuts
     D:1: 544 daAuts
     D:3: 187 daAuts
